 Dungeon Crawl Stone Soup version 0.16-a0-3280-g3a29b53 (webtiles) character file.

17840 muravey the Stormcaller (level 12, -1/66 HPs)
             Began as a Tengu Air Elementalist on Dec 23, 2014.
             Was an Elder of Vehumet.
             Slain by a black mamba (14 damage)
             ... on level 4 of the Lair of Beasts on Dec 24, 2014.
             The game lasted 00:56:05 (13393 turns).

muravey the Stormcaller (Tengu Air Elementalist)   Turns: 13393, Time: 00:56:06

Health: -1/66      AC:  4    Str: 10    XL:     12   Next: 52%
Magic:  0/31       EV: 19    Int: 20    God:    Vehumet [****..]
Gold:   840        SH:  0    Dex: 14    Spells: 9 memorised, 5 levels left

rFire  . . .     SeeInvis .     P - +8 halberd of the Crypt {chop, rElec rPois rC++ Stlth+}
rCold  + + .     Clarity  .     a - +0 robe
rNeg   . . .     SustAb   .     (no shield)
rPois  +         Gourm    .     (helmet restricted)
rElec  +         Spirit   .     m - +1 cloak {rPois}
rCorr  +         Warding  .     (no gloves)
rMut   .         Stasis   .     (boots unavailable)
MR     +....                    C - amulet of resist corrosion
Stlth  +++.......               x - ring of wizardry
                                L - ring of protection from magic

@: flying quickly and evasively, repel missiles, quick, somewhat resistant to
hostile enchantments, fairly stealthy
A: able to fly, beak, talons 3
a: Renounce Religion


You were on level 4 of the Lair of Beasts.
You worshipped Vehumet.
Vehumet was greatly pleased with you.
You were hungry.

You visited 3 branches of the dungeon, and saw 15 of its levels.
You also visited: Sewer.

You collected 840 gold pieces.

Inventory:

Hand weapons
 j - a +0 eveningstar
 l - a +2 quarterstaff of chaos
 w - a +0 blowgun
 M - a +0 flail of protection
 P - the +8 halberd of the Crypt (weapon) {chop, rElec rPois rC++ Stlth+}
   (You found it on level 2 of the Lair of Beasts)

   It inflicts extra damage upon your enemies.
   It greatly protects you from cold.
   It insulates you from electricity.
   It protects you from poison.
   It makes you more stealthy.
Armour
 a - a +0 robe (worn)
 m - a +1 cloak of poison resistance (worn)
 B - the +1 shield "Douk" {+Blink +Inv}
   (You found it on level 3 of the Lair of Beasts)

   It lets you turn invisible.
   It lets you blink.
 R - the +2 ring mail of the Eternal Fruit {Dex-3 Stlth+}
   (You found it on level 8 of the Dungeon)

   It affects your dexterity (-3).
   It makes you more stealthy.
Jewellery
 g - an uncursed amulet of warding
 i - an uncursed ring of sustain abilities
 v - a +2 ring of protection
 x - a ring of wizardry (right hand)
 C - an amulet of resist corrosion (around neck)
 L - a ring of protection from magic (left hand)
 Q - a +1 ring of intelligence
 W - an uncursed ring of invisibility
Magical devices
 b - a wand of slowing (22)
 f - a wand of magic darts (24)
 h - a wand of polymorph (5)
 k - a wand of digging (10)
 s - a wand of polymorph (16)
 F - a wand of fire (7)
 N - a wand of confusion (18)
 S - a wand of disintegration (14)
 T - a wand of cold (4)
Scrolls
 p - 11 scrolls of remove curse {!r}
 y - 5 scrolls of teleportation {!r}
 D - a scroll of fear {!r}
 J - 2 scrolls of recharging {unknown}
 U - 5 scrolls of identify
 Y - a scroll of fog {!r}
Potions
 d - 3 potions of ambrosia {!q, unknown}
 e - 7 potions of curing {!q}
 n - 2 potions of poison {!q, unknown}
 r - 5 potions of might {!q, unknown}
 t - a potion of magic {!q, unknown}
 u - 3 potions of flight {!q, unknown}
 z - 3 potions of invisibility {!q, unknown}
 A - 5 potions of agility {!q, unknown}
 G - a potion of cure mutation {!q, unknown}
 H - a potion of brilliance {!q, unknown}
 K - a potion of berserk rage {!q}
 O - 2 potions of haste {!q, unknown}
Books
 I - a book of Cantrips

   Spells                             Type                      Level
   a - Corona                         Hexes                        1
   b - Animate Skeleton               Necromancy                   1
   c - Summon Small Mammal            Summoning                    1
   d - Apportation                    Translocation                1
 V - a book of Control

   Spells                             Type                      Level
   a - Control Teleport               Charms/Translocation         4
   b - Control Undead                 Necromancy                   4
   c - Enslavement                    Hexes                        4
   d - Metabolic Englaciation         Hexes/Ice                    5
   e - Mass Confusion                 Hexes                        6
 X - a Grand Grimoire {highlevel, unknown}

   This book is beyond your current level of understanding.

   Spells                             Type                      Level
   a - Aura of Abjuration             Summoning                    6
   b - Forceful Dismissal             Summoning                    6
   c - Summon Greater Demon           Summoning                    7
   d - Malign Gateway                 Summoning/Translocation      7
   e - Summon Horrible Things         Summoning                    8
Comestibles
 c - 9 bread rations
 o - 2 meat rations
 q - 16 fruits
 E - a beef jerky
 Z - a chunk of flesh


   Skills:
 + Level 3.9 Fighting
   Level 0.2 Long Blades
 + Level 2.4 Maces & Flails
 + Level 0.9 Polearms
 + Level 0.4 Throwing
 + Level 6.7 Dodging
 - Level 2.0 Stealth
 + Level 9.4 Spellcasting
 + Level 13.1 Conjurations
 * Level 15.1 Air Magic
 + Level 2.2 Poison Magic


You had 5 spell levels left.
You knew the following spells:

 Your Spells              Type           Power        Failure   Level  Hunger
a - Lightning Bolt        Conj/Air       ######....   1%          5    #####..
b - Animate Skeleton      Necr           N/A          4%          1    None
c - Mephitic Cloud        Conj/Pois/Air  ######..     1%          3    None
d - Static Discharge      Conj/Air       ######..     1%          3    None
e - Poisonous Cloud       Conj/Pois/Air  ######....   2%          6    ######.
r - Repel Missiles        Chrm/Air       #####.       1%          2    None
s - Swiftness             Chrm/Air       #####...     1%          2    None
y - Apportation           Tloc           #.........   4%          1    None
z - Shock                 Conj/Air       ####         1%          1    None


Dungeon Overview and Level Annotations

Branches:
Dungeon (10/15)            Temple (1/1) D:4            Lair (4/8) D:10
    Orc (0/4) D:10
  Swamp: Lair:3-6    Shoals: Lair:3-6     Snake: Lair:3-6    Spider: Lair:3-6

Altars:
Ashenzari
Cheibriados
Dithmenos
Elyvilon
Gozag
Kikubaaqudgha
Makhleb
Qazlal
Ru
Sif Muna
Trog
Vehumet
Xom
Yredelemnul
Zin
The Shining One

Shops:
D:9 %

Annotations:
Lair:3 1 exclusion, Maud


Innate Abilities, Weirdness & Mutations

You can fly.
You have a beak for a mouth.
You have claws for feet.


Message History

You reach to attack!
You are feeling hungry.
You puncture the yak!
You kill the yak!
Vehumet accepts your kill.
A black mamba comes into view.
Use which ability? (? or * to list)
You swoop lightly up into the air.
You feel somewhat more hungry.
Casting: Mephitic Cloud
Confirm with . or Enter, or press ? or * to list all spells.
The black mamba is struck by lightning.
The black mamba is moderately wounded.
The lightning arcs!
You are struck by lightning.
You resist.
The lightning arcs!
The black mamba is struck by lightning.
The black mamba is moderately wounded.
The lightning arcs!
You are struck by lightning.
You resist. The black mamba bites you. The black mamba bites you!
* * * LOW HITPOINT WARNING * * *
Casting: Static Discharge
Confirm with . or Enter, or press ? or * to list all spells.
The black mamba is struck by lightning.
The black mamba is heavily wounded.
The lightning arcs!
You are struck by lightning.
You resist.
The lightning arcs!
The black mamba is struck by lightning.
The black mamba is heavily wounded.
The lightning grounds out.
The black mamba bites you.
* * * LOW HITPOINT WARNING * * *
The black mamba bites you.
* * * LOW HITPOINT WARNING * * *
Unknown command.
Casting: Static Discharge
Confirm with . or Enter, or press ? or * to list all spells.
The black mamba is struck by lightning.
The black mamba is heavily wounded.
The lightning arcs!
You are struck by lightning.
You resist.
* * * LOW HITPOINT WARNING * * *
The lightning arcs!
The black mamba is struck by lightning.
The black mamba is severely wounded.
The lightning grounds out.
The black mamba bites you!
You die...

#....#P.#.............P....
##...####P....#..†.....###
.#..## ...#####....##.#
....# ..#.##.......## ##..#
.....#......P# #....
............## ....>
............# .
.............#
........@....##
........S.....#
..............#
##......._...##
##...#......#.......
#...........#......
......#.............
..................
#....#....$.......


You could see a black mamba.

Vanquished Creatures
  Harold (Lair:2)
  The ghost of Somebody the Merchant of Misery, an experienced DENe of Kikubaaqudgha (D:9)
  A griffon (Lair:4)
  An elephant (D:10)
  A black mamba (Lair:3)
  6 spiny frogs
  A komodo dragon (Lair:3)
  5 blink frogs (Lair:2)
  A two-headed ogre (D:9)
  A deep elf mage (D:9)
  2 basilisks (Lair:3)
  23 yaks
  A wyvern (D:8)
  Eustachio (D:6)
  6 wolves
  7 water moccasins
  3 insubstantial wisps
  Edmund (D:7)
  2 hippogriffs
  2 orc warriors
  6 porcupines
  2 sky beasts
  Purgy (Sewer)
  A phantom (D:4)
  A black bear (Lair:2)
  3 ice beasts
  5 ogres
  4 centaurs
  4 crocodiles
  Sigmund (D:3)
  Duvessa (D:7)
  10 giant frogs
  Blork the orc (D:7)
  A wyvern zombie (D:7)
  5 scorpions
  14 killer bees
  2 electric eels
  5 goliath beetles
  Dowan (D:7)
  5 crimson imps
  A gnoll shaman (D:6)
  Crazy Yiuf (D:3)
  A centaur skeleton (D:8)
  6 hounds
  2 orc priests (D:4)
  A giant frog skeleton (D:6)
  5 iguanas
  6 orc wizards
  6 worker ants
  A killer bee zombie (D:7)
  4 sheep (Lair:2)
  Ijyb (D:3)
  Jessica (D:2)
  A hound zombie (D:7)
  2 hound skeletons
  A worker ant zombie (D:10)
  12 adders
  5 gnolls (D:6)
  30 river rats
  2 shadow imps
  3 giant mites
  10 worms
  19 orcs
  10 bats
  9 giant cockroaches
  13 goblins
  8 hobgoblins
  7 jackals
  14 kobolds
  12 quokkas
  A ball python (D:3)
  7 giant geckos
  7 giant newts
  A giant spore (D:6)
  A jackal zombie (D:8)
  A quokka skeleton (D:8)
  A quokka zombie (D:6)
  19 rats
  3 ballistomycetes
375 creatures vanquished.

Vanquished Creatures (others)
  A giant spore (D:9)
1 creature vanquished.

Grand Total: 376 creatures vanquished

Notes
Turn   | Place    | Note
--------------------------------------------------------------
     0 | D:1      | muravey, the Tengu Air Elementalist, began the quest for the Orb.
     0 | D:1      | Reached XP level 1. HP: 10/10 MP: 3/3
    87 | D:1      | Upgraded the game from 0.16-a0-3253-g5709529 to 0.16-a0-3280-g3a29b53
   168 | D:1      | Reached XP level 2. HP: 10/15 MP: 0/5
   226 | D:1      | Learned a level 2 spell: Swiftness
   641 | D:1      | Reached XP level 3. HP: 6/19 MP: 0/7
   759 | D:2      | Noticed Jessica
   773 | D:2      | Killed Jessica
   945 | D:2      | Reached XP level 4. HP: 15/24 MP: 0/9
  1122 | D:2      | Reached skill level 5 in Air Magic
  1127 | D:2      | Learned a level 3 spell: Static Discharge
  1130 | D:2      | Learned a level 2 spell: Repel Missiles
  1575 | D:2      | Reached XP level 5. HP: 23/28 MP: 4/12
  1697 | D:2      | Noticed a moth of wrath
  1700 | D:2      | Found a bloodstained altar of Trog.
  1711 | D:2      | Reached skill level 1 in Fighting
  1944 | D:3      | Noticed Sigmund
  2014 | D:3      | Killed Sigmund
  2014 | D:3      | Reached skill level 1 in Maces & Flails
  2025 | D:3      | Found a sacrificial altar of Ru.
  2076 | D:3      | Found a shadowy altar of Dithmenos.
  2175 | D:3      | Noticed Crazy Yiuf
  2179 | D:3      | Killed Crazy Yiuf
  2179 | D:3      | Reached XP level 6. HP: 2/34 MP: 8/15
  2720 | D:3      | Noticed Ijyb
  2723 | D:3      | Killed Ijyb
  2723 | D:3      | Reached skill level 6 in Air Magic
  2899 | D:4      | Found a glowing drain.
  2922 | Sewer    | Entered a sewer
  2968 | Sewer    | Noticed Purgy
  3114 | Sewer    | Killed Purgy
  3114 | Sewer    | Reached XP level 7. HP: 17/38 MP: 9/17
  3159 | D:4      | Reached skill level 5 in Conjurations
  3219 | D:4      | Found a shimmering altar of Xom.
  3429 | D:4      | Found a staircase to the Ecumenical Temple.
  3433 | Temple   | Entered the Ecumenical Temple
  3484 | Temple   | Became a worshipper of Vehumet
  3543 | D:4      | Reached skill level 7 in Air Magic
  3845 | D:5      | Entered Level 5 of the Dungeon
  3946 | D:5      | Reached XP level 8. HP: 43/43 MP: 11/20
  4052 | D:5      | Found a white marble altar of Elyvilon.
  4414 | D:5      | Reached skill level 5 in Spellcasting
  4621 | D:5      | Reached skill level 8 in Air Magic
  4733 | D:6      | Acquired Vehumet's first power
  4733 | D:6      | Offered knowledge of Sandblast by Vehumet.
  4968 | D:6      | Noticed Eustachio
  4977 | D:6      | Killed Eustachio
  4977 | D:6      | Reached XP level 9. HP: 45/47 MP: 11/23
  5088 | D:6      | Found a glowing golden altar of the Shining One.
  5139 | D:6      | Reached skill level 9 in Air Magic
  5743 | D:7      | Noticed Blork the orc
  5748 | D:7      | Killed Blork the orc
  6007 | D:7      | Noticed Duvessa
  6011 | D:7      | Noticed Dowan
  6018 | D:7      | Killed Dowan
  6019 | D:7      | Killed Duvessa
  6069 | D:7      | Noticed Edmund
  6088 | D:7      | Killed Edmund
  6088 | D:7      | Offered knowledge of Throw Frost by Vehumet.
  6520 | D:7      | Reached skill level 10 in Conjurations
  6650 | D:8      | Reached skill level 10 in Air Magic
  7149 | D:8      | Reached XP level 10. HP: 49/53 MP: 20/25
  7404 | D:8      | Learned a level 5 spell: Lightning Bolt
  7509 | D:8      | Got an aquamarine-encrusted ring mail
  7520 | D:8      | Identified the cursed +2 ring mail of the Eternal Fruit {Dex-3 Stlth+} (You found it on level 8 of the Dungeon)
  7577 | D:9      | Noticed Somebody's ghost (experienced DENe)
  7603 | D:9      | Killed Somebody's ghost
  7603 | D:9      | Reached skill level 11 in Conjurations
  7808 | D:9      | Offered knowledge of Mephitic Cloud by Vehumet.
  7839 | D:9      | Reached skill level 5 in Dodging
  8007 | D:9      | Acquired Vehumet's second power
  8061 | D:9      | Learned a level 3 spell: Mephitic Cloud
  8548 | D:9      | Found Twaoga's Food Shoppe.
  8592 | D:9      | Reached skill level 12 in Air Magic
  8615 | D:9      | Offered knowledge of Stone Arrow by Vehumet.
  8771 | D:10     | Entered Level 10 of the Dungeon
  8796 | D:10     | Found a staircase to the Orcish Mines.
  8907 | D:10     | Reached skill level 1 in Poison Magic
  9009 | D:10     | Found a staircase to the Lair.
  9009 | D:10     | Noticed an elephant
  9589 | D:10     | Killed an elephant
  9589 | D:10     | Reached XP level 11. HP: 50/59 MP: 23/28
  9721 | D:10     | Acquired Vehumet's third power
  9758 | Lair:1   | Entered Level 1 of the Lair of Beasts
  9787 | Lair:1   | Offered knowledge of Inner Flame by Vehumet.
 10276 | Lair:1   | Reached skill level 13 in Air Magic
 10805 | Lair:2   | Noticed Harold
 10831 | Lair:3   | Learned a level 1 spell: Apportation
 10833 | Lair:3   | Learned a level 1 spell: Animate Skeleton
 10850 | Lair:3   | Noticed Maud
 11103 | Lair:3   | Offered knowledge of Poisonous Cloud by Vehumet.
 11111 | Lair:3   | Learned a level 6 spell: Poisonous Cloud
 11213 | Lair:3   | Got a dazzling shield
 11219 | Lair:3   | Identified the +1 shield "Douk" {+Blink +Inv} (You found it on level 3 of the Lair of Beasts)
 11747 | Lair:2   | Got a jewelled halberd
 11748 | Lair:2   | Identified the +8 halberd of the Crypt {chop, rElec rPois rC++ Stlth+} (You found it on level 2 of the Lair of Beasts)
 11939 | Lair:2   | Reached skill level 14 in Air Magic
 12051 | Lair:2   | Reached XP level 12. HP: 37/64 MP: 22/30
 12330 | Lair:2   | Killed Harold
 12635 | Lair:3   | Found a deep blue altar of Sif Muna.
 12844 | Lair:3   | Noticed a five-headed hydra
 13342 | Lair:4   | Reached skill level 15 in Air Magic
 13346 | Lair:4   | Found a radiant altar of Vehumet.
 13393 | Lair:4   | Slain by a black mamba

Action                   |  1- 3 |  4- 6 |  7- 9 | 10-12 || total
-------------------------+-------+-------+-------+-------++-------
Melee: Unarmed           |    12 |       |    19 |       ||    31
       Mace              |    41 |    27 |    11 |       ||    79
       Quarterstaff      |       |     1 |       |       ||     1
       Long sword        |       |       |    33 |       ||    33
       Eveningstar       |       |       |       |   122 ||   122
       Halberd           |       |       |       |    70 ||    70
Throw: Tomahawk          |       |       |     4 |     2 ||     6
 Cast: Shock             |    59 |   119 |   295 |   330 ||   803
       Static Discharge  |       |    12 |    37 |   112 ||   161
       Repel Missiles    |       |       |     1 |     1 ||     2
       Mephitic Cloud    |       |       |       |    42 ||    42
       Lightning Bolt    |       |       |       |    11 ||    11
       Poisonous Cloud   |       |       |       |     2 ||     2
 Abil: Fly               |       |     4 |     2 |     8 ||    14
  Use: Potion            |     1 |       |     1 |     1 ||     3
       Scroll            |       |     5 |     5 |     3 ||    13
 Stab: Sleeping          |       |     3 |       |     1 ||     4
       Confused          |       |       |       |    17 ||    17
  Eat: Chunk             |     1 |     9 |    14 |    24 ||    48
